 Dungeon Crawl Stone Soup version 0.31-a0-152-g6aa68a64a1 (webtiles) character file.

Game seed: 14843373297993297482

75 qw the Shooter (level 4, -6/38 HPs)
             Began as a Minotaur Hunter on June 8, 2023.
             Mangled by a gnoll
             ... wielding a +0 flail
              (12 damage)
             ... on level 3 of the Dungeon.
             The game lasted 00:00:34 (1344 turns).

qw the Shooter (Minotaur Hunter)                    Turns: 1344, Time: 00:00:35

Health: -6/38      AC:  5    Str: 16    XL:     4   Next: 11%
Magic:  3/3        EV: 11    Int:  6    God:
Gold:   717        SH:  5    Dex: 15    Spells: 3/3 levels left

rFire   . . .        Y - +0 shortbow (chaos)
rCold   . . .        (shield currently unavailable)
rNeg    . . .        i - +0 ring mail
rPois   .            (helmet restricted)
rElec   .            (no cloak)
rCorr   .            (no gloves)
SInv    .            (no boots)
Will    +....        g - amulet of reflection
Stlth   +            d - ring of willpower
HPRegen 0.26/turn    (no ring)
MPRegen 0.08/turn

%: reflection
@: no status effects
A: horns 2, retaliatory headbutt
a: no special abilities


You were on level 3 of the Dungeon.
You visited 1 branch of the dungeon, and saw 3 of its levels.

You collected 717 gold pieces.


Innate Abilities, Weirdness & Mutations

You have a pair of horns on your head.
You reflexively headbutt those who attack you in melee.


   Skills:
 - Level 3.0 Fighting
 + Level 5.9 Ranged Weapons
 - Level 1.0 Armour
 - Level 2.1 Dodging
 - Level 0.7 Stealth


You had 3 spell levels left.
You didn't know any spells.
Your spell library was empty.

Inventory:

Hand Weapons
 Y - a +0 shortbow of chaos (weapon)
Armour
 i - a +0 ring mail (worn)
Jewellery
 d - a ring of willpower (left hand)
 g - an amulet of reflection (around neck)
Scrolls
 e - 4 scrolls of identify
Potions
 b - a potion of might {unknown}
 c - a potion of haste

Dungeon Overview and Level Annotations

Branches:
Dungeon (3/15)

Altars:


Message History

You shoot an arrow. The goblin shouts!
The arrow hits the goblin!
You kill the goblin!
You shoot an arrow. The arrow hits the endoplasm!
You kill the endoplasm!
There is a stone staircase leading down here.
You see here a +0 club. 3 gnolls come into view.
The gnoll shouts!
You hear a shout!
You shoot an arrow. The arrow barely misses the gnoll.
You block the gnoll's attack.
You shoot an arrow. The arrow closely misses the gnoll.
A gnoll comes into view. It is wielding a +0 flail.
You shoot an arrow.
The arrow hits the gnoll but does no damage.
The gnoll is poisoned.
The gnoll hits you with a +0 flail. You block the gnoll's attack.
You shoot an arrow. The arrow hits the gnoll!
The arrow freezes the gnoll.
You kill the gnoll!
The gnoll hits you with a +0 flail! You block the gnoll's attack.
You have reached level 4!
You feel stronger.
You shoot an arrow. The arrow completely misses the gnoll.
The gnoll hits you with a +0 flail. The gnoll hits you but does no damage.
You shoot an arrow. The arrow hits the gnoll.
You feel better.
The gnoll is lightly wounded.
The gnoll barely misses you. The gnoll hits you with a +0 flail!
You shoot an arrow.
The arrow hits the gnoll but does no damage.
The gnoll is lightly wounded.
The gnoll misses you. x2
You shoot an arrow.
The arrow hits the gnoll but does no damage.
The gnoll is lightly wounded.
You block the gnoll's attack. The gnoll barely misses you.
You shoot an arrow. The arrow hits the gnoll.
The gnoll is poisoned.
The gnoll is lightly wounded.
The gnoll hits you but does no damage. You block the gnoll's attack.
The gnoll hits you with a +0 flail. The gnoll hits you with a +0 flail!
You die...

######### .....ggg# #@#
#.# #.## #..# ..# ##.#
#..# #.# ####
#..#######.#
...#####..[.......#######
........................#


You could see 3 gnolls.

Vanquished Creatures
  2 adders (D:2)
  A gnoll (D:3)
  2 worms
  A dart slug (D:2)
  3 endoplasms
  5 giant cockroaches
  4 goblins
  3 hobgoblins
  2 jackals (D:2)
  3 quokkas (D:1)
  4 ball pythons
  5 frilled lizards
  2 kobolds
  3 rats (D:1)
40 creatures vanquished.

Notes
Turn   | Place    | Note
-------+----------+-------------------------------------------
     0 | D:1      | qw the Minotaur Hunter began the quest for the Orb.
     0 | D:1      | Reached XP level 1. HP: 18/18 MP: 0/0
     0 | D:1      | 0 ||| qw: Version: 0.2-a-120-gdf1a93b
     0 | D:1      | 0 ||| qw: Game counter: 3133
     0 | D:1      | 0 ||| qw: Always use a shield: true
     0 | D:1      | 0 ||| qw: God list: Okawaru
     0 | D:1      | 0 ||| qw: Allow faded altars: false
     0 | D:1      | 0 ||| qw: Do Orc after D:15 true
     0 | D:1      | 0 ||| qw: Do second Lair branch before Depths: true
     0 | D:1      | 0 ||| qw: Lair rune preference: random
     0 | D:1      | 0 ||| qw: Plans: Normal
     0 | D:1      | 0 ||| PLANNING D:1-11
   105 | D:1      | Reached XP level 2. HP: 25/25 MP: 1/1
   166 | D:1      | Reached skill level 5 in Ranged Weapons
   439 | D:1      | Reached skill level 3 in Fighting
   689 | D:1      | 689 ||| UPGRADING to +0 ring mail.
   699 | D:1      | 699 ||| DROPPING +0 leather armour.
   700 | D:1      | 700 ||| UPGRADING to amulet of reflection.
   705 | D:1      | 705 ||| READING scroll labelled YPNA BUARYZOR.
   705 | D:1      | Identified a scroll of acquirement
   705 | D:1      | 705 ||| ACQUIRING 617 gold pieces
   705 | D:1      | Acquired 617 gold pieces
   707 | D:1      | 707 ||| READING scroll labelled CAECAU KAM XEDGH.
   712 | D:1      | 712 ||| READING scroll labelled FATUBYO YBAU.
   713 | D:1      | 713 ||| READING scroll labelled DUEMAY ZYEJ.
   714 | D:1      | 714 ||| READING scroll labelled LOSKAIPSOE.
   715 | D:1      | 715 ||| DROPPING scroll of butterflies.
   744 | D:2      | 744 ||| STAIRDANCE
   782 | D:2      | Reached skill level 1 in Armour
   782 | D:2      | Reached XP level 3. HP: 31/31 MP: 2/2
  1246 | D:2      | 1246 ||| UPGRADING to ring of willpower.
  1247 | D:2      | 1247 ||| READING scroll labelled CAM KUL VYLUTO.
  1248 | D:2      | 1248 ||| DRINKING 2 ruby potions.
  1340 | D:3      | Reached XP level 4. HP: 22/38 MP: 3/3
  1344 | D:3      | HP: 6/38 [gnoll/+0 flail (6)]
  1344 | D:3      | Mangled by a gnoll

Levels and vault maps discovered:
D:1:      minmay_arrival_solitary_statue, layout_loops_cross,
          minmay_pentomino_s2
D:2:      layout_rooms
D:3:      layout_loops_ring, nicolae_overflow_hidden_temple, goddamned_bats

Skill      XL: |  1  2 |
---------------+-------+-----
Ranged Weapons | 5 |  5.9
Fighting       | 3 |  3.0
Armour         | 1 |  1.0
Dodging        | |  2.1
Stealth        | |  0.7

Action                     |  1- 3 |  4- 6 || total
---------------------------+-------+-------++-------
   Fire: Shortbow          |   121 |     5 ||   126
    Use: Scroll            |     6 |       ||     6
         Potion            |     1 |       ||     1
 Armour: Leather armour    |     1 |       ||     1
         Ring mail         |    18 |     2 ||    20
  Dodge: Dodged            |    22 |     4 ||    26
  Block: Other             |     8 |     2 ||    10

Table legend:
 A = Non-vault XP
 B = Vault XP
 C = Vault XP percentage of total XP
 D = Non-vault monster count
 E = Vault monster count
 F = Vault count percentage of total count
                 A         B        C        D         E       F
            +---------+---------+-------+---------+---------+-------
      Total |     104 |       4 |   3.7 |      38 |       2 |   5.0
            +---------+---------+-------+---------+---------+-------
        D:1 |      35 |       4 |  10.3 |      20 |       2 |   9.1
        D:2 |      50 |       0 |   0.0 |      14 |       0 |   0.0
        D:3 |      19 |       0 |   0.0 |       4 |       0 |   0.0
            +---------+---------+-------+---------+---------+-------
